 Dungeon Crawl Stone Soup version 0.20.1-1-g8b1a95d (webtiles) character file.

630 Mitsuki the Skirmisher (level 7, 0/63 HPs)
             Began as a Hill Orc Fighter on Oct 13, 2017.
             Killed by nerve-wracking pain
             ... invoked by an orc priest
              (14 damage)
             ... on level 3 of the Dungeon.
             The game lasted 00:04:37 (3380 turns).

Mitsuki the Skirmisher (Hill Orc Fighter)           Turns: 3380, Time: 00:04:37

Health: 0/63       AC: 13    Str: 21    XL:     7   Next: 48%
Magic:  7/7        EV:  4    Int:  8    God:
Gold:   103        SH:  9    Dex: 10    Spells: 6/6 levels left

rFire    . . .     SeeInvis .   a - +0 long sword
rCold    . . .     Gourm    .   c - +0 shield
rNeg     . . .     Faith    .   n - +0 plate armour
rPois    .         Spirit   .   (no helmet)
rElec    .         Reflect  .   e - +0 cloak
rCorr    .         Harm     .   (no gloves)
MR       .....                  (no boots)
Stlth    ..........             (no amulet)
Regen    0.2/turn               (no ring)
MPRegen  0.1/turn               (no ring)

@: drained
A: no striking features
a: Convert to Beogh


You were on level 3 of the Dungeon.
You were not hungry.

You visited 1 branch of the dungeon, and saw 3 of its levels.

You collected 103 gold pieces.

Inventory:

Hand Weapons
 a - a +0 long sword (weapon)
Armour
 c - a +0 shield (worn)
 e - a +0 cloak (worn)
 n - a +0 plate armour (worn)
Scrolls
 d - a scroll of fear {unknown}
 g - a scroll of enchant armour {unknown}
 j - a scroll of recharging {unknown}
 l - 2 scrolls of identify {unknown}
 p - a scroll of teleportation {unknown}
Potions
 i - a potion of haste {unknown}
 k - 2 potions of curing {unknown}
 m - a potion of magic {unknown}
 o - a potion of brilliance {unknown}
Comestibles
 b - a royal jelly
 f - 4 bread rations
 h - 2 meat rations
 q - 2 chunks of flesh


   Skills:
 + Level 6.1(5.1) Fighting
 + Level 4.8(3.8) Long Blades
 + Level 5.3(4.3) Armour
 + Level 5.3(4.3) Shields


You had 6 spell levels left.
You didn't know any spells.

Dungeon Overview and Level Annotations

Branches:
Dungeon (3/15)

Altars:
Dithmenos


Message History

The orc is almost dead.
Your shield and plate armour prevent you from hitting the orc priest.
You block the orc's attack. The orc priest barely misses you.
You riposte.
You closely miss the orc priest. You block the orc's attack.
You closely miss the orc priest. The orc hits you.
* * * LOW HITPOINT WARNING * * *
You block the orc's attack.
The orc priest hits you but does no damage.
You hit the orc priest.
The orc priest is lightly wounded.
The orc hits you but does no damage. The orc barely misses you.
The orc priest hits you but does no damage.
The orc hits you.
* * * LOW HITPOINT WARNING * * *
The orc hits you but does no damage.
You slash the orc priest!
The orc priest is severely wounded.
The orc priest invokes the aid of Beogh against you.
Pain shoots through your body!
You die...

###### #....#
###############....#####
..............'รท........
###############.....#...
### #......... ..#
#.....%... #.# #o@o.....#
#.# ##o##....# #.# #..
...## ..####### #.## ..#
......... ..# #.#
.######## ... .# .# ...
.# ...# ##


You could see an orc priest and 2 orcs.

Vanquished Creatures
  The ghost of QuCean the Chopper, an amateur MiFi (D:3)
  5 wights (D:3)
  Crazy Yiuf (D:2)
  3 gnolls (D:3)
  8 adders
  5 worms (D:2)
  3 dart slugs (D:1)
  A leopard gecko (D:1)
  2 orcs (D:3)
  2 giant cockroaches (D:2)
  8 goblins
  6 hobgoblins
  A kobold (D:1)
  3 quokkas (D:2)
  7 bats
  4 frilled lizards
  8 rats
68 creatures vanquished.

Notes
Turn   | Place    | Note
-------+----------+-------------------------------------------
     0 | D:1      | Mitsuki the Hill Orc Fighter began the quest for the Orb.
     0 | D:1      | Reached XP level 1. HP: 19/19 MP: 1/1
   148 | D:1      | Reached XP level 2. HP: 25/27 MP: 2/2
   531 | D:1      | Reached XP level 3. HP: 33/33 MP: 3/3
   817 | D:2      | Reached skill level 4 in Fighting
  1284 | D:2      | Reached XP level 4. HP: 40/40 MP: 4/4
  1478 | D:2      | Found a runed door.
  2215 | D:2      | Noticed Crazy Yiuf
  2230 | D:2      | HP: 2/41 [Crazy Yiuf/quarterstaff of chaos (6)]
  2231 | D:2      | Killed Crazy Yiuf
  2231 | D:2      | Reached XP level 5. HP: 2/47 MP: 5/5
  2585 | D:3      | Noticed QuCean's ghost (amateur MiFi)
  2596 | D:3      | Killed QuCean's ghost
  2596 | D:3      | Reached skill level 5 in Fighting
  2596 | D:3      | Reached XP level 6. HP: 44/56 MP: 6/6
  2808 | D:3      | Reached skill level 5 in Shields
  2808 | D:3      | Reached XP level 7. HP: 37/61 MP: 7/7
  2819 | D:3      | Reached skill level 5 in Armour
  3037 | D:3      | Found a shadowy altar of Dithmenos.
  3055 | D:3      | Reached skill level 6 in Fighting
  3380 | D:3      | Killed from afar by an orc priest

Skill      XL: |  1  2  3  4  5  6  7 |
---------------+----------------------+-----
Fighting       | 4 5 6 |  6.1
Long Blades    | 3 4 |  4.8
Armour         | 4 5 |  5.3
Shields        | 4 5 |  5.3

Action                   |  1- 3 |  4- 6 |  7- 9 || total
-------------------------+-------+-------+-------++-------
Melee: Long sword        |    95 |   131 |    71 ||   297
  Use: Potion            |       |     1 |       ||     1
  Eat: Chunk             |       |     6 |     2 ||     8
Armor: Scale mail        |    38 |       |       ||    38
       Plate armour      |    20 |    88 |    48 ||   156
Dodge: Dodged            |    22 |    22 |    14 ||    58
Block: Shield            |    51 |    69 |    36 ||   156
       Rpst.: Long sword |    11 |     6 |     6 ||    23
